 Dungeon Crawl Stone Soup version 0.31.0-32-g396128a36d (webtiles) character file.

Game seed: 10937186217150477142

37 spaghetti the Sneak (level 3, 0/34 HPs)
             Began as a Naga Delver on Mar 9, 2024.
             Splashed by a jelly's acid (11 damage)
             ... on level 6 of the Dungeon.
             The game lasted 00:00:35 (122 turns).

spaghetti the Sneak (Naga Delver)                    Turns: 122, Time: 00:00:36

Health: 0/34       AC: -1    Str: 14      XL:     3   Next: 41%
Magic:  3/3        EV:  9    Int: 10 (12) God:
Gold:   14         SH:  0    Dex: 11 (12) Spells: 2/2 levels left

rFire   . . .        h - +0 eveningstar
rCold   . . .        (no shield)
rNeg    . . .        b - +0 leather armour
rPois   +            (no helmet)
rElec   .            (no cloak)
rCorr   .            (no gloves)
SInv    +            (no barding)
Will    .....        (no amulet)
Stlth   +++          (no ring)
HPRegen 0.25/turn    (no ring)
MPRegen 0.08/turn

%: no passive effects
@: short of breath, corroded, very slow
A: AC +1, large, see invisible, deformed body, poison resistance, slowness 2,
spit poison 1, naga tail 1
a: Spit Poison


You were on level 6 of the Dungeon.
You visited 1 branch of the dungeon, and saw 2 of its levels.

You collected 14 gold pieces.

Inventory:

Hand Weapons
 a - a +0 short sword
 h - a +0 eveningstar (weapon)
Armour
 b - a +0 leather armour (worn)
Wands
 g - a wand of digging (3)
Scrolls
 c - a scroll of fog
 d - a scroll of revelation
 e - a scroll of fear
Potions
 f - a potion of haste


   Skills:
 + Level 3.3 Fighting
 - Level 2.5 Short Blades
 - Level 2.0 Dodging
 - Level 7.6 Stealth


You had 2 spell levels left.
You didn't know any spells.
Your spell library was empty.

Dungeon Overview and Level Annotations

Branches:
Dungeon (6/15)
 Temple: D:4-7

Altars:


Innate Abilities, Weirdness & Mutations

Your serpentine skin is tough. (AC +1)
You have supernaturally acute eyesight. (SInv)
Armour fits poorly on your strangely shaped body.
Your system is resistant to poisons. (rPois)
You cover ground very slowly.
You can spit poison.
You have a snake-like lower body.


Message History

You feel your strength returning.
Your Dodging skill increases to level 2!
You have reached level 2!
You have reached level 3!
Your experience leads to an increase in your attributes!
Your base attributes are Str 14, Int 10, Dex 12.
Increase (S)trength, (I)ntelligence, or (D)exterity?
You feel clever. x2; Your skin feels tougher.
A jelly comes into view.
A hound comes into view.
The hound moves out of view.
You see here a +0 eveningstar.
h - a +0 eveningstar
h - a +0 eveningstar (weapon)
Okay, then.
Okay, then.
You have got your breath back.
Aiming: Spit Poison (2% risk of failure)
Press: ? - help, Shift-Dir - straight line, f - jelly
Aim: a jelly (100% to hit)
The splash of poison hits the jelly.
The jelly is poisoned.
The jelly is lightly wounded.
Unknown command.
Unknown command.
You barely miss the jelly.
The jelly is lightly wounded.
The jelly hits you.
You are splashed with acid!
You hit the jelly.
Your hands burn!
The jelly is moderately wounded.
You have got your breath back.
The jelly closely misses you. The jelly hits you. The acid corrodes you!
You are splashed with acid!
Unknown command.
Unknown command.
Aiming: Spit Poison (2% risk of failure)
Press: ? - help, Shift-Dir - straight line, f/p - jelly
Aim: a jelly (moderately wounded, poisoned, 100% to hit)
The splash of poison hits the jelly.
The jelly is moderately wounded.
The jelly hits you.
You are splashed with acid!
You die...

### ..## ..# #.#
#@# #J# #.# ##
#.# #.## ..#####
#...!##..####
#.#....
#..[.....###...?.
######.#..##...#
#.........#
###..#.#.## #


You could see a jelly (poisoned).

Vanquished Creatures
  A howler monkey (D:6)
1 creature vanquished.

Notes
Turn   | Place    | Note
-------+----------+-------------------------------------------
     0 | D:5      | spaghetti the Naga Delver began the quest for the Orb.
     0 | D:5      | Reached XP level 1. HP: 21/21 MP: 1/1
    65 | D:5      | Noticed a jelly
    97 | D:6      | Noticed a howler monkey
   109 | D:6      | Killed a howler monkey
   110 | D:6      | Reached XP level 2. HP: 28/28 MP: 2/2
   110 | D:6      | Reached XP level 3. HP: 34/34 MP: 3/3
   122 | D:6      | Splashed by a jelly's acid

Illustrated notes

Levels and vault maps discovered:
D:5:      layout_loops_ring, serial_shops, nicolae_diamond_shop
D:6:      layout_rooms, kennysheep_opposing_triangles

Skill      XL: |  1 |
---------------+----+-----
Dodging        | 2 |  2.0
Fighting       | |  3.3
Short Blades   | |  2.5
Stealth        | |  7.6

Action                     || total
---------------------------++-------
  Melee: Eveningstar       ||     2
Ability: Spit Poison       ||     4
    Use: Potion            ||     1
 Armour: Leather armour    ||     3
  Dodge: Dodged            ||     1
